AoeStats
← MatzeAoE

Black Forest

505430502Analyzed
1v1 RM · 23d ago on Sep 9, 2026· 150m 12s· 2 players
Game mode
Random Map
Map size
Tiny (2 player)
Population
200
Speed
Normal
Resources
Standard
Victory
Conquest
Starting age
Dark Age
Ending age
Imperial Age
RankedLock teamsTeams togetherTeam positionsShared explorationLock speedFull tech treeHidden civsTurbo modeCheats
Victory
Defeat
🇩🇪 Slavs · Germany
2033
+19
🇦🇺 Berbers · Australia
2098
-19
MatzeAoE
11:50 Feudal Age
12:23 Double-Bit Axe
15:45 Fishing Lines
20:05 Castle Age
19:40 Stone Mining
21:19 Bow Saw
21:46 Wheelbarrow
22:09 Town Watch
22:09 Horse Collar
22:42 Gillnets
23:37 Heavy Plow
24:35 Hand Cart
25:20 Gold Mining
27:24 Fortified Wall
29:58 Imperial Age
28:03 Scale Barding Armor
29:53 Gold Shaft Mining
30:30 Chain Barding Armor
30:21 Forging
30:49 Detinets
31:11 Conscription
31:51 Bloodlines
31:42 Husbandry
32:19 Plate Barding Armor
31:20 Elite Boyar
32:48 Iron Casting
31:47 Light Cavalry
33:05 Ballistics
33:47 Chemistry
32:38 Fletching
33:34 Hussar
35:47 Two-Man Saw
36:08 Blast Furnace
34:59 Fletching
37:45 Pikeman
38:18 Halberdier
40:13 Crop Rotation
40:01 Scale Mail Armor
40:37 Squires
40:03 Onager
41:27 Druzhina
45:25 Bodkin Arrow
45:47 Chain Mail Armor
47:39 Plate Mail Armor
55:19 Siege Engineers
54:35 Siege Onager
56:53 Town Patrol
57:11 Padded Archer Armor
58:20 Leather Archer Armor
58:39 Elite Skirmisher
59:51 Ring Archer Armor
62:15 Man-at-Arms
65:54 Long Swordsman
68:05 Two-Handed Swordsman
70:55 Capped Ram
71:50 Siege Ram
78:17 Champion
101:19 Masonry
111:35 Loom
127:38 Hoardings
126:38 Sappers
InvisibleDuk
10:09 Feudal Age
10:38 Double-Bit Axe
10:41 Fishing Lines
16:02 Gold Mining
19:50 Castle Age
18:05 Stone Mining
20:02 Loom
20:30 Gillnets
21:59 Wheelbarrow
21:34 Bow Saw
22:04 Gold Shaft Mining
25:03 Imperial Age
23:18 Fletching
23:56 Bodkin Arrow
24:38 Town Watch
25:40 Ballistics
26:58 Chemistry
26:00 Bracer
27:32 Hand Cart
28:57 Conscription
29:21 Padded Archer Armor
30:50 Leather Archer Armor
30:50 Siege Engineers
30:47 Husbandry
30:58 Bloodlines
32:16 Treadmill Crane
32:44 Scale Barding Armor
33:29 Bloodlines
32:39 Heavy Camel Rider
34:09 Thumb Ring
35:30 Murder Holes
36:52 Chain Barding Armor
37:41 Horse Collar
40:12 Fortified Wall
40:15 Masonry
40:41 Plate Barding Armor
40:52 Heavy Plow
41:07 Forging
42:54 Iron Casting
42:44 Town Patrol
43:46 Light Cavalry
45:15 Hoardings
45:34 Maghrebi Camels
49:10 Blast Furnace
48:40 Ring Archer Armor
50:36 Elite Camel Archer
52:46 Crop Rotation
53:12 Guilds
52:42 Capped Ram
54:29 Cavalier
54:33 Hussar
68:43 Heavy Scorpion
Connection lost

Rejoining the realm…

Still unreachable

The connection could not be restored.

Session expired

The server has moved on; the page needs a fresh start.